Map: Frost LE

Players

Miszu - Winner!

  • Race: Protoss Protoss
  • League: Master

Geeden

  • Race: Zerg Zerg
  • League: Master

VOD

Have the link to the VOD?

Description

Time

  • Played on: June 27, 2016, 7:23 p.m.
  • Length: 15:13
Show
View Real Time Build Order
Export as new Build Order

Miszu Protoss - Winner!

Build Orders: 1 Gate Expand, Oracle Opening 

Get SALT Encoding   

  12  0:00  Probe (Chrono Boost)  
  13  0:11  Probe (Chrono Boost)  
  14  0:17  Pylon  
  14  0:22  Probe (Chrono Boost)  
  15  0:35  Probe (Chrono Boost)  
  16  0:37  Gateway  
  16  0:45  Assimilator  
  16  0:46  Probe (Chrono Boost)  
  17  1:13  Nexus  
  17  1:17  Probe (Chrono Boost)  
  18  1:27  Cybernetics Core  
  18  1:32  Probe (Chrono Boost)  
  19  1:40  Pylon  
  19  1:44  Probe (Chrono Boost)  
  20  1:48  Assimilator  
  20  1:55  Probe (Chrono Boost)  
  21  2:06  Adept (Chrono Boost)  
  21  2:07  Probe  
  24  2:19  Probe  
  24  2:21  Stargate  
  25  2:24  Probe  
  26  2:31  Probe  
  26  2:35  Probe  
  28  2:40  Warp Gate (Chrono Boost)  
  28  2:43  Adept (Chrono Boost), Probe  
  31  2:46  Probe  
  32  3:11  Probe  
  33  3:15  Oracle (Chrono Boost), Probe  
  35  3:23  Probe  
  35  3:24  Adept, Pylon  
  35  3:25  Probe  
  39  3:35  Mothership Core, Probe  
  42  3:43  Gateway x2  
  42  3:47  Probe  
  43  3:55  Pylon  
  40  3:59  Probe  
  40  4:00  Probe  
  42  4:08  Oracle (Chrono Boost)  
  42  4:10  Probe  
  42  4:12  Probe  
  47  4:22  Probe  
  48  4:25  Probe (Chrono Boost)  
  49  4:34  Probe (Chrono Boost)  
  50  4:40  Adept x3  
  52  5:00  Oracle  
  55  5:10  Adept x3  
  55  5:13  Probe (Chrono Boost)  
  62  5:31  Pylon  
  62  5:32  Twilight Council  
  62  5:34  Pylon  
  62  5:35  Robotics Facility  
  62  5:40  Probe (Chrono Boost)  
  62  5:42  Probe (Chrono Boost)  
  59  5:50  Adept  
  59  5:51  Adept x2  
  59  5:53  Probe (Chrono Boost)  
  59  5:55  Probe (Chrono Boost)  
  68  6:04  Probe (Chrono Boost)  
  68  6:07  Probe (Chrono Boost)  
  66  6:14  Probe (Chrono Boost)  
  68  6:19  Probe (Chrono Boost)  
  68  6:23  Stalker  
  68  6:25  Probe (Chrono Boost)  
  71  6:27  Assimilator  
  71  6:28  Assimilator  
  71  6:31  Nexus, Probe (Chrono Boost)  
  72  6:38  Stalker  
  74  6:46  Phoenix  
  76  7:04  Probe (Chrono Boost)  
  76  7:05  Probe (Chrono Boost)  
  77  7:09  Pylon x3  
  77  7:10  Pylon  
  77  7:15  Pylon  
  77  7:17  Probe (Chrono Boost)  
  77  7:18  Pylon  
  78  7:23  Templar Archives  
  78  7:27  Immortal  
  76  7:45  Nexus  
  76  7:47  Pylon  
  76  7:53  Forge  
  76  7:54  Pylon  
  76  7:57  Zealot  
  76  7:58  Zealot x2  
  82  7:59  Psionic Storm  
  82  8:01  Gateway  
  82  8:05  Gateway  
  82  8:15  Pylon  
  82  8:24  Probe (Chrono Boost)  
  82  8:25  Sentry x3, Probe (Chrono Boost)  
  90  8:34  Probe (Chrono Boost)  
  90  8:36  Protoss Ground Weapons Level 1 (Chrono Boost)  
  90  8:37  Probe (Chrono Boost)  
  90  8:40  Assimilator  
  92  8:44  Assimilator  
  92  8:45  Probe (Chrono Boost)  
  94  8:49  Probe (Chrono Boost)  
  94  8:56  High Templar  
  94  8:57  Probe (Chrono Boost)  
  94  9:02  Probe (Chrono Boost)  
  99  9:03  Probe (Chrono Boost)  
  99  9:06  Gateway  
  99  9:08  Probe (Chrono Boost)  
  99  9:09  High Templar  
  102  9:12  Probe (Chrono Boost)  
  102  9:15  High Templar  
  106  9:18  Probe (Chrono Boost)  
  106  9:19  Immortal  
  106  9:22  Adept  
  112  9:31  High Templar  
  112  9:33  Probe (Chrono Boost)  
  112  9:35  Probe (Chrono Boost)  
  112  9:38  Pylon  
  116  9:40  Pylon  
  116  9:42  Gateway  
  116  9:45  Gateway  
  116  9:55  Blink  
  116  9:56  Stalker x2  
  116  9:57  Stalker  
  122  10:05  High Templar  
  122  10:06  Stalker  
  126  10:08  Observer  
  127  10:20  Gateway  
  127  10:21  High Templar, Gateway  
  127  10:22  Zealot x2  
  127  10:23  Zealot  
  135  10:29  Photon Cannon  
  135  10:31  Photon Cannon x2  
  135  10:39  Photon Cannon  
  135  10:43  Photon Cannon  
  135  10:45  High Templar x2  
  135  10:46  Stalker x2  
  135  10:47  Photon Cannon  
  143  10:55  Archon  
  143  11:00  Immortal, Pylon  
  143  11:05  Nexus  
  143  11:08  Stalker x2  
  151  11:12  Stalker x2  
  155  11:20  Protoss Ground Weapons Level 2 (Chrono Boost)  
  155  11:34  Warp Prism  
  155  11:39  Stalker x2  
  161  11:40  Stalker x5  
  161  11:45  Pylon  
  161  11:46  Pylon  
  171  12:08  Archon  
  151  12:11  High Templar  
  151  12:12  High Templar x2  
  157  12:16  Stalker  
  157  12:17  Stalker  
  125  13:04  High Templar x3  
  125  13:05  High Templar  
  129  13:06  Adept  
  129  13:07  Immortal  
  135  13:18  Protoss Ground Armor Level 1 (Chrono Boost)  
  133  13:23  Zealot x3  
  133  13:24  Zealot x2  
  133  13:36  Photon Cannon, Phoenix  
  133  13:37  Photon Cannon x2  
  133  13:38  Photon Cannon x2  
  133  13:40  Stalker x3  
  133  13:41  Stalker  
  141  13:47  Pylon  
  133  14:01  Probe, Phoenix  
  133  14:02  Probe  
  130  14:03  Probe x2  
  130  14:06  Stalker x4  
  130  14:07  Stalker x4  
  150  14:12  Probe x2  
  150  14:15  Probe  
  149  14:32  High Templar x2  
  153  14:40  Photon Cannon  
  153  14:41  High Templar, Photon Cannon  
  153  14:42  Stalker  
  153  14:45  Photon Cannon  
  155  14:46  Photon Cannon, Assimilator x2  
  155  14:47  Photon Cannon  
Show
View Real Time Build Order
Export as new Build Order

Geeden Zerg 

Build Orders: Hatch First 

Get SALT Encoding   

  12  0:01  Drone  
  13  0:13  Overlord  
  13  0:17  Drone  
  14  0:31  Drone  
  14  0:32  Drone  
  17  0:35  Drone  
  17  0:54  Hatchery  
  17  0:56  Drone  
  17  0:59  Drone  
  18  1:11  Extractor  
  18  1:15  Spawning Pool  
  18  1:16  Drone  
  17  1:20  Drone  
  18  1:28  Drone  
  19  1:40  Overlord  
  19  2:01  Queen  
  19  2:02  Zergling x4  
  19  2:05  Queen  
  19  2:06  Zergling x2  
  26  2:13  Metabolic Boost  
  26  2:20  Drone x2  
  28  2:32  Drone x2  
  30  2:43  Hatchery  
  29  2:48  Drone x2  
  30  3:02  Zergling x6  
  30  3:03  Zergling x2  
  33  3:14  Zergling x6  
  33  3:15  Overlord  
  33  3:17  Pneumatized Carapace  
  36  3:29  Drone, Evolution Chamber  
  36  3:30  Overlord  
  36  3:39  Queen  
  38  3:44  Zergling x6  
  38  4:04  Zergling x2  
  38  4:05  Zergling x14  
  45  4:14  Zergling x4  
  47  4:19  Zerg Melee Weapons Level 1  
  47  4:28  Zergling x8  
  51  4:32  Drone x2  
  53  4:52  Zergling x4  
  49  4:53  Zergling x14  
  52  5:01  Zergling x8  
  52  5:16  Drone x5  
  57  5:32  Drone  
  57  5:33  Spore Crawler  
  57  5:34  Spore Crawler  
  47  5:56  Drone x6  
  48  6:00  Baneling Nest  
  44  6:11  Zergling x8  
  44  6:12  Zergling x14, Queen  
  57  6:19  Overlord  
  57  6:23  Roach Warren  
  56  6:27  Zergling x2  
  56  6:28  Overlord  
  57  6:36  Queen  
  59  6:54  Overlord  
  59  6:55  Drone x2, Lair  
  59  6:56  Drone x4  
  64  7:04  Drone x2  
  64  7:05  Drone x2  
  64  7:06  Overlord  
  64  7:08  Overlord x4  
  58  7:30  Drone x10  
  58  7:31  Drone x2  
  70  7:46  Extractor  
  70  7:47  Drone  
  70  7:48  Drone x2  
  72  7:52  Extractor  
  72  7:54  Glial Reconstitution  
  72  7:55  Overlord x2  
  71  7:59  Centrifical Hooks  
  70  8:10  Queen  
  72  8:23  Zerg Melee Weapons Level 2  
  72  8:25  Extractor  
  71  8:28  Drone x5  
  71  8:29  Extractor x2, Drone x5  
  79  8:43  Drone x2  
  79  8:44  Drone  
  79  8:45  Hatchery  
  81  9:04  Spire, Zergling x2  
  81  9:05  Zergling x26  
  81  9:06  Baneling x6  
  81  9:07  Baneling x2  
  94  9:17  Overlord  
  94  9:30  Queen  
  95  9:35  Drone  
  95  9:37  Overlord  
  97  9:38  Zergling x12  
  97  9:39  Zergling x12  
  97  9:44  Infestation Pit  
  107  9:46  Hatchery  
  107  9:47  Baneling x2  
  107  9:48  Baneling x6  
  107  9:51  Overlord  
  106  10:04  Overlord  
  106  10:20  Zerg Flyer Weapons Level 1  
  106  10:21  Hive  
  106  10:23  Drone x8  
  106  10:24  Drone x2  
  106  10:28  Overseer  
  116  10:53  Zergling x30  
  116  10:54  Zergling x8  
  133  11:05  Baneling  
  133  11:06  Baneling x4  
  133  11:07  Baneling x2  
  133  11:08  Baneling  
  132  11:21  Zergling x26  
  132  11:22  Zergling x14  
  152  11:25  Baneling  
  152  11:26  Baneling x22  
  152  11:31  Extractor  
  151  11:32  Extractor  
  151  11:36  Zergling x4  
  151  11:37  Zergling x10  
  157  11:41  Zerg Melee Weapons Level 3  
  157  11:42  Adrenal Glands  
  157  11:49  Overlord  
  104  12:09  Zergling x2  
  104  12:10  Zergling x54  
  104  12:15  Zerg Flyer Weapons Level 2  
  122  12:22  Baneling x4  
  122  12:26  Zergling x2  
  122  12:27  Zergling x10  
  122  12:47  Zergling x10  
  122  12:48  Zergling x26  
  106  13:03  Mutalisk x2  
  106  13:04  Mutalisk x4  
  105  13:12  Mutalisk  
  105  13:13  Mutalisk  
  105  13:14  Overlord x2  
  105  13:15  Overlord x2  
  105  13:18  Baneling  
  105  13:19  Baneling x5  
  109  13:20  Baneling x2  
  109  13:39  Mutalisk x6  
  118  14:01  Mutalisk x5  
  115  14:03  Mutalisk  
  117  14:10  Extractor  
  117  14:11  Extractor  
  117  14:12  Mutalisk  
  117  14:13  Mutalisk  
  117  14:15  Hatchery  
  118  14:19  Mutalisk x2  
  121  14:31  Mutalisk x3  
  108  14:36  Mutalisk  
  115  14:38  Zergling x2  
  115  14:39  Zergling x4  
  115  14:44  Mutalisk  
Tags
 
Add a new tag
Caveats
  • Supply blocks, unpowered buildings, or Contaminate may cause inaccurate times.
  • Supply counts are checked every 10 seconds.